 Dungeon Crawl Stone Soup version 0.18.1-48-g4cf74bf (webtiles) character file.

77 Jerry the Firebug (level 4, -4/30 HPs)
             Began as a Demonspawn Fire Elementalist on Aug 15, 2016.
             Slain by Ijyb
             ... wielding a +5 club
              (7 damage)
             ... on level 3 of the Dungeon.
             The game lasted 00:11:03 (2510 turns).

Jerry the Firebug (Demonspawn Fire Elementalist)    Turns: 2510, Time: 00:11:04

Health: -4/30      AC:  3    Str:  9    XL:     4   Next: 13%
Magic:  2/7        EV: 12    Int: 17    God:
Gold:   58         SH:  0    Dex: 13    Spells: 3 memorised, 1 level left

rFire  + . .     SeeInvis .     d - +0 spear
rCold  . . .     Gourm    .     a - +0 robe
rNeg   . . .     Faith    .     (no shield)
rPois  .         Spirit   .     (no helmet)
rElec  .         Dismiss  .     (no cloak)
rCorr  .         Reflect  .     (no gloves)
SustAt .         Harm     .     (no boots)
MR     .....                    (no amulet)
Stlth  ++........               (no ring)
                                h - ring of protection from fire

@: flying, not resistant to hostile enchantments, unstealthy
A: claws 1, rugged brown scales 1
a: no special abilities


You were on level 3 of the Dungeon.
You were hungry.

You visited 1 branch of the dungeon, and saw 3 of its levels.

You collected 58 gold pieces.

Inventory:

Hand Weapons
 d - a +0 spear (weapon)
Armour
 a - a +0 robe (worn)
Jewellery
 h - a ring of protection from fire (left claw)
Scrolls
 e - a scroll of identify {unknown}
 g - a scroll of blinking {unknown}
 m - a scroll of enchant armour {unknown}
Books
 b - a book of Flames

   Spells                             Type                      Level
   a - Flame Tongue                   Conjuration/Fire             1
   b - Throw Flame                    Conjuration/Fire             2
   c - Conjure Flame                  Conjuration/Fire             3
   d - Inner Flame                    Hexes/Fire                   3
   e - Sticky Flame                   Conjuration/Fire             4
   f - Fireball                       Conjuration/Fire             5
Comestibles
 c - 2 bread rations
 f - a slice of pizza
 l - a beef jerky


   Skills:
 - Level 1.7 Dodging
 - Level 1.7 Stealth
 - Level 2.0 Spellcasting
 + Level 3.0 Conjurations
 + Level 3.6 Fire Magic


You had one spell level left.
You knew the following spells:

 Your Spells              Type           Power        Failure   Level  Hunger
a - Flame Tongue          Conj/Fire      ##...        6%          1    #......
b - Conjure Flame         Conj/Fire      ##......     17%         3    ###....
c - Throw Flame           Conj/Fire      ##....       10%         2    ###....


Dungeon Overview and Level Annotations

Branches:
Dungeon (3/15)

Altars:

Annotations:
D:3 Ijyb


Innate Abilities, Weirdness & Mutations

You have sharp fingernails.
You are partially covered in rugged brown scales (AC +1, +3% HP).


Message History

Casting: Flame Tongue
Confirm with . or Enter, or press ? or * to list all spells.
Aiming: Flame Tongue
Press: ? - help, Shift-Dir - straight line, f/p - Ijyb
Aim: Ijyb, wielding an enchanted club and carrying a wand of flame {zapped: 4} (heavily wounded)
The flame tongue misses Ijyb.
Ijyb misses you.
Casting: Flame Tongue
Confirm with . or Enter, or press ? or * to list all spells.
Aiming: Flame Tongue
Press: ? - help, Shift-Dir - straight line, f/p - Ijyb
Aim: Ijyb, wielding an enchanted club and carrying a wand of flame {zapped: 4} (heavily wounded)
The flame tongue hits Ijyb.
Ijyb is almost dead.
Ijyb hits you with an enchanted club!
* * * LOW HITPOINT WARNING * * *
Drink which item? (? for menu, Esc to quit)
It was a potion of flight.
You feel very buoyant.
You fly up into the air.
Ijyb hits you with an enchanted club!
You die...

###
..#
#.#
#g#
#@#
#<#
###


You could see Ijyb.

Vanquished Creatures
  An adder (D:2)
  2 oozes
  2 worms (D:2)
  2 dart slugs (D:2)
  A giant gecko (D:1)
  7 giant cockroaches
  6 hobgoblins
  6 kobolds
  A quokka (D:2)
  3 bats (D:1)
  3 giant newts
  7 goblins
  6 rats
47 creatures vanquished.

Notes
Turn   | Place    | Note
--------------------------------------------------------------
     0 | D:1      | Jerry the Demonspawn Fire Elementalist began the quest for the Orb.
     0 | D:1      | Reached XP level 1. HP: 13/13 MP: 3/3
   216 | D:1      | Gained mutation: You are partially covered in rugged brown scales (AC +1, +3% HP). [demonic ancestry]
   216 | D:1      | Reached XP level 2. HP: 5/19 MP: 1/5
   934 | D:1      | Gained mutation: You have sharp fingernails. [demonic ancestry]
   934 | D:1      | Reached XP level 3. HP: 7/24 MP: 0/6
  1144 | D:1      | Learned a level 3 spell: Conjure Flame
  1310 | D:1      | You fall through a shaft!
  2052 | D:2      | Reached XP level 4. HP: 30/30 MP: 1/7
  2056 | D:2      | Learned a level 2 spell: Throw Flame
  2479 | D:3      | Noticed Ijyb
  2510 | D:3      | Slain by Ijyb

Skill      XL: |  1  2  3 |
---------------+----------+-----
Fire Magic     | 3 |  3.6
Conjurations   | 2 3 |  3.0
Dodging        | |  1.7
Stealth        | |  1.7
Spellcasting   | |  2.0

Action                   |  1- 3 |  4- 6 || total
-------------------------+-------+-------++-------
Melee: Spear             |    93 |    20 ||   113
 Cast: Flame Tongue      |    57 |    16 ||    73
       Conjure Flame     |     3 |     1 ||     4
  Use: Potion            |       |     3 ||     3
 Stab: Sleeping          |     4 |       ||     4
  Eat: Chunk             |     4 |     2 ||     6
Armor: Robe              |    16 |     4 ||    20
Dodge: Dodged            |    43 |     9 ||    52
